 Dungeon Crawl Stone Soup version 0.27-a0-1529-g1e82c303ef (webtiles) character file.

Game seed: 15829756429630792727

134 HoaS the Ruffian (level 4, 0/36 HPs)
             Began as a Demigod Gladiator on July 11, 2021.
             Slain by a gnoll (4 damage)
             ... on level 3 of the Dungeon.
             The game lasted 00:04:52 (2764 turns).

HoaS the Ruffian (Demigod Gladiator)                Turns: 2764, Time: 00:04:53

Health: 0/36       AC:  7    Str: 19    XL:     4   Next: 64%
Magic:  6/6        EV: 11    Int: 10    God:
Gold:   80         SH:  0    Dex: 15    Spells: 3/3 levels left

rFire    . . .     SeeInvis .     - Unarmed
rCold    + . .     Faith    .   (no shield)
rNeg     . . .     Spirit   .   f - +0 ring mail
rPois    .         Reflect  .   b - +1 helmet
rElec    .         Harm     .   (no cloak)
rCorr    .         Rampage  .   (no gloves)
Will     .....                  (no boots)
Stlth    +.........             (no amulet)
HPRegen  0.12/turn              h - ring of protection from cold
MPRegen  0.10/turn              (no ring)

@: no status effects
A: high mp 1, forlorn
a: no special abilities


You were on level 3 of the Dungeon.
You visited 1 branch of the dungeon, and saw 3 of its levels.

You collected 80 gold pieces.

Inventory:

Missiles
 c - 2 throwing nets (quivered)
Armour
 b - a +1 helmet (worn)
 f - a +0 ring mail (worn)
Jewellery
 h - a ring of protection from cold (left hand)
Scrolls
 a - a scroll of teleportation {unknown}
Potions
 d - 4 potions of curing
 e - a potion of haste
 g - a potion of heal wounds {unknown}
 k - a potion of mutation {unknown}


   Skills:
 - Level 1.7 Fighting
 - Level 1.7 Throwing
 - Level 2.6 Dodging
 + Level 5.2 Unarmed Combat


You had 3 spell levels left.
You didn't know any spells.
Your spell library was empty.

Dungeon Overview and Level Annotations

Branches:
Dungeon (3/15)

Shops:
D:2 [


Innate Abilities, Weirdness & Mutations

Your attributes grow dramatically as you level up.
You have an increased reservoir of magic. (+10% MP)
You shall have no god before yourself.


Message History

The quokka twitches its whiskers.
The ball python hisses angrily.
The adder hisses angrily.
A kobold comes into view. It is wielding a +0 dagger.
You see here a book of Cantrips.
The adder bites you but does no damage.
You hit the adder.
The adder is lightly wounded.
The adder barely misses you.
You hit the adder.
The adder is heavily wounded.
The adder closely misses you.
You hit the adder.
The adder is severely wounded.
The gnoll hits you from afar with a +0 halberd.
The adder completely misses you.
You miss the adder.
The adder is severely wounded.
The adder barely misses you.
The gnoll hits you from afar with a +0 halberd!
You miss the adder.
The adder is severely wounded.
The adder bites you.
The gnoll hits you from afar with a +0 halberd!
You closely miss the adder.
The adder is severely wounded.
The adder closely misses you. The gnoll closely misses you.
The adder bites you but does no damage.
You closely miss the adder.
The adder is severely wounded.
The gnoll hits you from afar with a +0 halberd!
* * * LOW HITPOINT WARNING * * *
The adder bites you but does no damage.
You closely miss the adder.
The adder is severely wounded.
The adder bites you but does no damage. The gnoll barely misses you.
You barely miss the adder.
The adder is severely wounded.
The adder closely misses you.
The gnoll hits you from afar with a +0 halberd.
You die...

..K...##########
.....## ..:...##
##.#.# ..#.)..# #
..#..# .......### ..#.
#.. ........K### ...
### ...###.#.Sr####
.##.# ## ##.#
#.###....# .....##.
#.# #.# ####S####
#..>.... ..# #..
#rgS@### ......#. ##
##.
####...#######.......
.. ###.....#.........
..
.########.......#####.
................# #[
..######........######
#....###.....## #...##
#####... #...# ####


You could see a gnoll, an adder, a quokka and a ball python.

Vanquished Creatures
  A gnoll shaman (D:3)
  An adder (D:2)
  2 gnolls
  An adder skeleton (D:2)
  A worm (D:3)
  3 dart slugs
  An orc (D:3)
  4 ball pythons
  6 bats
  8 endoplasms
  4 giant cockroaches
  3 goblins
  4 hobgoblins
  7 jackals
  2 quokkas (D:2)
  3 frilled lizards
  4 kobolds
  6 rats
61 creatures vanquished.

Notes
Turn   | Place    | Note
-------+----------+-------------------------------------------
     0 | D:1      | HoaS the Demigod Gladiator began the quest for the Orb.
     0 | D:1      | Reached XP level 1. HP: 17/17 MP: 3/3
     2 | D:1      | Noticed a troll
     2 | D:1      | Noticed an octopode
     4 | D:1      | Noticed a spriggan
     4 | D:1      | Noticed a naga
     6 | D:1      | Noticed a demigod
     6 | D:1      | Noticed an ogre
    10 | D:1      | Noticed a formicid
    12 | D:1      | Noticed a minotaur
    12 | D:1      | Noticed a vine stalker
    14 | D:1      | Noticed a palentonga
    14 | D:1      | Noticed a felid
    16 | D:1      | Noticed a djinni
    16 | D:1      | Noticed a draconian
    18 | D:1      | Noticed a gargoyle
    18 | D:1      | Noticed a human
    20 | D:1      | Noticed a tengu
    20 | D:1      | Noticed a vampire
    22 | D:1      | Noticed a dwarf
    22 | D:1      | Noticed a demonspawn
    25 | D:1      | Noticed a ghoul
    25 | D:1      | Noticed a merfolk
    27 | D:1      | Noticed an elf
    27 | D:1      | Noticed a barachi
    52 | D:1      | Reached skill level 3 in Unarmed Combat
    75 | D:1      | Noticed an eye of devastation
    77 | D:1      | Noticed an eye of devastation
    78 | D:1      | Noticed an eye of devastation
    78 | D:1      | Noticed a great orb of eyes
    95 | D:1      | Reached XP level 2. HP: 5/24 MP: 4/4
  1084 | D:2      | Found Itunouf's Armour Shop.
  1182 | D:2      | Reached XP level 3. HP: 29/29 MP: 5/5
  1242 | D:2      | Reached skill level 4 in Unarmed Combat
  2000 | D:3      | Reached XP level 4. HP: 29/36 MP: 6/6
  2031 | D:3      | Reached skill level 5 in Unarmed Combat
  2033 | D:3      | HP: 1/36 [gnoll (6)]
  2764 | D:3      | Slain by a gnoll

Illustrated notes

Levels and vault maps discovered:
D:1:      kb_arrival_jail, layout_rooms, hellmonk_ecumenical_altar_watching_god
D:2:      layout_basic, serial_shops, nicolae_shop_stone, basic_altar
D:3:      layout_rooms

Skill      XL: |  1  2  3  4 |
---------------+-------------+-----
Unarmed Combat | 3 4 5 |  5.2
Fighting       | |  1.7
Throwing       | |  1.7
Dodging        | |  2.6

Action                   |  1- 3 |  4- 6 || total
-------------------------+-------+-------++-------
Melee: Unarmed           |   169 |    53 ||   222
       Punch             |     6 |       ||     6
Throw: Throwing net      |       |     3 ||     3
  Use: Scroll            |     6 |       ||     6
 Stab: Sleeping          |     1 |       ||     1
       Held in net/web   |       |     1 ||     1
Armor: Leather armour    |    37 |       ||    37
       Ring mail         |    23 |    15 ||    38
Dodge: Dodged            |   108 |    28 ||   136

Table legend: (Time is in decaauts)
 A = Elapsed time spent in this place.
 B = Non-inter-level travel time spent in this place.
 C = Inter-level travel time spent in this place.
 D = Time resting spent in this place.
 E = Time spent auto-exploring this place.
 F = Levels seen in this place.
 G = Mean time per level.
                   A        B        C        D        E       F      G
               +--------+--------+--------+--------+--------+-----+--------+
         Total |   2747 |   2685 |     62 |   1156 |   1067 |   3 |  915.7 |
       Dungeon |   2747 |   2685 |     62 |   1156 |   1067 |   3 |  915.7 |
               +--------+--------+--------+--------+--------+-----+--------+

Top non-repeatable levels by time:
     D:2: 1257 daAuts
     D:1: 1022 daAuts
     D:3: 467 daAuts
